 Dungeon Crawl Stone Soup version 0.29.1-15-g9cfb28693d (webtiles) character file.

Game seed: 4978851794495924070

817 GeoRichter the Destroyer (level 7, -6/36 HPs)
             Began as a Deep Elf Conjurer on Apr 4, 2023.
             Was an Initiate of Hepliaklqana.
             Killed from afar by an acid dragon (21 damage)
             ... with a splash of acid
             ... on level 5 of the Dungeon.
             The game lasted 00:07:46 (5185 turns).

GeoRichter the Destroyer (Deep Elf Conjurer)        Turns: 5185, Time: 00:07:47

Health: -6/36      AC:  8    Str:  4    XL:     7   Next: 62%
Magic:  10/15      EV: 12    Int: 25    God:    Hepliaklqana [......]
Gold:   189        SH:  0    Dex: 13    Spells: 7/14 levels left

rFire   + . .      SeeInvis .   a - staff of conjuration {!a}
rCold   + . .      Faith    .   (no shield)
rNeg    + . .      Spirit   .   x - +2 robe {rF+}
rPois   .          Reflect  .   (no helmet)
rElec   .          Harm     .   (no cloak)
rCorr   .          Rampage  .   (no gloves)
Will    .....                   y - +3 pair of mountain boots {steadfast, rC+}
Stlth   ++........              (no amulet)
HPRegen 0.12/turn               l - ring of positive energy
MPRegen 0.14/turn               (no ring)

@: no status effects
A: no striking features
a: Renounce Religion


You were on level 5 of the Dungeon.
You worshipped Hepliaklqana.
Hepliaklqana was noncommittal.
You visited 1 branch of the dungeon, and saw 5 of its levels.

You collected 303 gold pieces.
You spent 114 gold pieces at shops.

Inventory:

Hand Weapons
 g - a +0 short sword
   (You took it off a kobold on level 1 of the Dungeon)
Missiles
 h - a throwing net {!f}
Armour
 e - a +0 buckler
   (You found it on level 1 of the Dungeon)
 x - a +2 robe of fire resistance (worn)
   (You bought it in a shop on level 4 of the Dungeon)
 y - the +3 pair of mountain boots (worn) {steadfast, rC+}
   (You found it on level 5 of the Dungeon)

   It prevents involuntary movement, except for blinking, teleportation, or
   banishment.
   rC:        It protects you from cold.
Magical Staves
 a - a staff of conjuration (weapon) {!a}
   (You found it on level 4 of the Dungeon)
Jewellery
 l - a ring of positive energy (left hand)
   (You found it on level 2 of the Dungeon)
 s - a ring of wizardry
   (You found it on level 4 of the Dungeon)
Scrolls
 d - 8 scrolls of identify {unknown}
 i - 3 scrolls of teleportation {unknown}
 j - a scroll of enchant armour {unknown}
 k - 3 scrolls of poison {unknown}
 m - a scroll of vulnerability {unknown}
 q - a scroll of amnesia {unknown}
 t - a scroll of summoning {unknown}
 v - a scroll of enchant weapon {unknown}
Potions
 b - a potion of magic
 c - 2 potions of curing {unknown}
 f - 2 potions of haste {unknown}
 n - a potion of berserk rage {unknown}
 o - a potion of attraction {unknown}
 p - a potion of resistance {unknown}
 r - 3 potions of heal wounds {unknown}
 u - 2 potions of flight {unknown}
 w - a potion of brilliance {unknown}
 z - a potion of cancellation {unknown}
 A - a potion of mutation {unknown}


   Skills:
 - Level 2.4 Dodging
 - Level 2.4 Stealth
 - Level 4.1 Spellcasting
 * Level 9.0 Conjurations
 + Level 4.5 Translocations


You had 7 spell levels left.
You knew the following spells:

 Your Spells              Type           Power      Damage    Failure   Level
a - Magic Dart            Conj           100%       1d8       1%          1
b - Searing Ray           Conj           100%       2d8       1%          2
c - Iskenderun's Mystic   Conj/Tloc      55%        2d12      5%          4

Your spell library contained the following spells:

 Spells                   Type           Power      Damage    Failure   Level
 Dazzling Flash           Conj/Hex       82%        N/A       4%          3
 Beastly Appendage        Tmut           10%        N/A       9%          1
 Wereblood                Tmut           5%         N/A       14%         2
 Fulminant Prism          Conj/Hex       20%        3d13      14%         4
 Spider Form              Tmut/Pois      5%         N/A       26%         3


Dungeon Overview and Level Annotations

Branches:
Dungeon (5/15) Zot: 24816
 Temple: D:4-7

Altars:
Ashenzari
Hepliaklqana
Okawaru
Sif Muna
The Shining One

Shops:
D:1 =   D:4 [   D:5 :

Annotations:
D:5 exclusion: centaur


Message History

You kill the ice beast!
There is an open door here.
Found an inky potion.
Found a leather armour.
Found a stone staircase leading down.
A - an inky potion A scorpion comes into view.
A scorpion is nearby!
You feel a surge of power!
The magic dart hits the scorpion!
You feel a surge of power!
The magic dart hits the scorpion.
Aim: a scorpion (severely wounded, 83% to hit)
You feel a surge of power!
The searing ray hits the scorpion. (Press . to maintain the ray.)
The searing ray hits the scorpion!
You kill the scorpion!
Unknown command.
You see here a +0 leather armour.
Found 14 gold pieces. 2 gnolls come into view.
There are monsters nearby!
You feel a surge of power!
The magic dart hits the gnoll.
The gnoll shouts!
A gnoll comes into view. It is wielding a +0 flail. x2
You feel a surge of power!
The magic dart hits the gnoll.
The gnoll shouts! x3
You feel a surge of power!
The magic dart hits the gnoll!
You kill the gnoll!
You feel a surge of power!
The magic dart hits the gnoll!
Aim: a gnoll, wielding a +0 halberd (85% to hit)
You feel a surge of power!
The searing ray hits the gnoll!
You kill the gnoll!
The searing ray hits the gnoll. (Press . to maintain the ray.)
The searing ray hits the gnoll!
You kill the gnoll!
The searing ray hits the gnoll!
The searing ray hits the gnoll!
You kill the gnoll!
The acid dragon spits acid at you. The splash of acid hits you!!
Ouch! That really hurt!
* * * LOW HITPOINT WARNING * * *
The acid corrodes you!
You hear an angry hiss.
Your Conjurations skill increases to level 9!
You are no longer corroded.
The acid dragon spits acid at you. The splash of acid hits you!!
Ouch! That really hurt!
You die...

...#.##.## ...#....#
#.... ...#..######..##
... ##.......)......
$). ......######.##.
... #..#### #. #)#
...##### #.####.#
...#...# #....#.#
##.#.#.#####.##.@..#.#
#.#.........##....#.#
#.###.#####.##....#D#
#.....## #....#.#
###....#### #....#.#
## #....'..# ##...#.#
.# #....##.#######.#.#
.# #######....## #D#.#
.#
#......###.#.#########


You could see an acid dragon (catching breath).

Vanquished Creatures
  An ice beast (D:5)
  2 ogres (D:4)
  A necrophage (D:4)
  2 scorpions
  An orc priest (D:4)
  3 hounds
  2 orc wizards (D:4)
  4 gnolls (D:5)
  9 adders
  An ufetubus (D:4)
  3 dart slugs
  8 orcs
  3 bats
  4 endoplasms
  6 giant cockroaches
  4 goblins
  3 hobgoblins
  8 jackals
  5 kobolds
  3 quokkas (D:1)
  7 ball pythons
  6 frilled lizards
  6 rats
92 creatures vanquished.

Notes
Turn   | Place    | Note
-------+----------+-------------------------------------------
     0 | D:1      | GeoRichter the Deep Elf Conjurer began the quest for the
                  | Orb.
     0 | D:1      | Reached XP level 1. HP: 10/10 MP: 6/6
   181 | D:1      | Reached XP level 2. HP: 15/15 MP: 2/8
   395 | D:1      | Reached skill level 5 in Conjurations
   667 | D:1      | Reached XP level 3. HP: 19/19 MP: 8/10
   838 | D:1      | Found Gat Zebu's Jewellery Shop.
   980 | D:1      | Learned a level 2 spell: Searing Ray
   981 | D:2      | You fall into a shaft and drop 1 floor!
  1401 | D:2      | Reached XP level 4. HP: 24/24 MP: 10/12
  1406 | D:2      | Learned a level 4 spell: Iskenderun's Mystic Blast
  1650 | D:2      | Found a faded altar of an unknown god.
  2215 | D:3      | Reached skill level 6 in Conjurations
  2308 | D:3      | Reached skill level 1 in Translocations
  2516 | D:4      | Reached XP level 5. HP: 15/28 MP: 2/13
  2868 | D:4      | Found an iron altar of Okawaru.
  2869 | D:4      | Found a glowing golden altar of the Shining One.
  2893 | D:4      | Reached skill level 7 in Conjurations
  2966 | D:4      | Reached XP level 6. HP: 22/32 MP: 1/14
  3466 | D:4      | Found a shimmering blue altar of Sif Muna.
  3673 | D:4      | Identified the +0 chain mail of Resonance {rN+ Int+2 SInv}
  3700 | D:4      | Reached skill level 8 in Conjurations
  3806 | D:4      | Found Teocagiz's Antique Armour Shop.
  3812 | D:4      | Bought an embroidered robe for 114 gold pieces
  3868 | D:4      | Reached XP level 7. HP: 36/36 MP: 7/15
  4282 | D:4      | Found a hazy altar of Hepliaklqana.
  4288 | D:4      | Became a worshipper of Hepliaklqana the Forgotten
  4318 | D:5      | Entered Level 5 of the Dungeon
  4730 | D:5      | Found a broken altar of Ashenzari.
  4772 | D:5      | Found the +3 pair of mountain boots {steadfast, rC+}
  4866 | D:5      | Found Cyomesm's Self-Improvement Boutique.
  5167 | D:5      | Reached skill level 9 in Conjurations
  5185 | D:5      | Killed from afar by an acid dragon

Illustrated notes

Levels and vault maps discovered:
D:1:      dpeg_arrival_stone_temple_mockup, layout_basic, serial_shops,
          nicolae_shop_competitors_out_of_business, minmay_tromino_v2
D:2:      layout_basic, hellmonk_ecumenical_altar_slurped_away
D:3:      layout_basic, minmay_increasing_density
D:4:      layout_basic, nzn_hepliaklqana_mist_gate, tgw_sif,
          chequers_temple_overflow_statue_of_worship, serial_shops, shop
D:5:      layout_basic, evilmike_ruin_ashenzari, temple_statues,
          grunt_ministairs_5, nicolae_shop_self_help

Skill      XL: |  1  2  3  4  5  6  7 |
---------------+----------------------+-----
Conjurations   | 5 6 7 8 9 |  9.0
Spellcasting   | 4 |  4.1
Translocations | 1 2 3 4 |  4.5
Dodging        | |  2.4
Stealth        | |  2.4

Action                   |  1- 3 |  4- 6 |  7- 9 || total
-------------------------+-------+-------+-------++-------
Melee: Short sword       |       |     1 |       ||     1
 Cast: Magic Dart        |    72 |   101 |     9 ||   182
       Searing Ray       |       |     7 |     7 ||    14
       Iskenderun's Myst |       |     3 |     1 ||     4
  Use: Potion            |       |     1 |       ||     1
 Stab: Sleeping          |       |     1 |       ||     1
Armor: Robe              |       |     4 |     6 ||    10
Dodge: Dodged            |     1 |    19 |     5 ||    25
